 Dungeon Crawl Stone Soup version 0.31-a0-1074-g0b22e4e0f1 (webtiles) character file.

Game seed: 13746332932574867318

1299 drugrobin the Basher (level 8, -3/62 HPs)
             Began as a Demigod Delver on Dec 7, 2023.
             Slain by a shadow (5 damage)
             ... on level 6 of the Dungeon on Dec 8, 2023.
             The game lasted 00:14:39 (5257 turns).

drugrobin the Basher (Demigod Delver)               Turns: 5257, Time: 00:14:39

Health: -3/62      AC:  9    Str: 29    XL:     8   Next: 9%
Magic:  10/10      EV:  9    Int: 12    God:
Gold:   236        SH:  0    Dex: 19    Spells: 7/7 levels left

rFire   . . .        a - +0 flail
rCold   . . .        (no shield)
rNeg    . . .        v - +0 chain mail
rPois   .            (no helmet)
rElec   .            (no cloak)
rCorr   .            (no gloves)
SInv    .            o - +0 pair of boots
Will    .....        (no amulet) Stlth
                     r - +6 ring of strength
HPRegen 0.30/turn    y - +6 ring of strength
MPRegen 0.12/turn

%: no passive effects
@: hasted, very quick
A: high MP 1, forlorn, divine attributes
a: no special abilities


You were on level 6 of the Dungeon.
You visited 1 branch of the dungeon, and saw 6 of its levels.

You collected 236 gold pieces.

Inventory:

Hand Weapons
 a - a +0 flail (weapon)
 b - a +2 shortbow of flaming
 c - a +0 mace
 B - a +0 sling
Missiles
 C - 8 poisoned darts (quivered)
 D - 3 boomerangs
Armour
 k - a +2 leather armour of cold resistance
 o - a +0 pair of boots (worn)
 v - a +0 chain mail (worn)
Jewellery
 r - a +6 ring of strength (left hand)
 y - a +6 ring of strength (right hand)
Wands
 g - a wand of digging (1)
 h - a wand of roots (4)
 z - a wand of paralysis (3)
Scrolls
 e - 2 scrolls of fear
 n - 5 scrolls of identify {unknown}
 p - a scroll of blinking {unknown}
 s - a scroll of noise {unknown}
 u - a scroll of fog
 w - 2 scrolls of brand weapon {unknown}
 x - a scroll of silence {unknown}
 A - a scroll of butterflies {unknown}
Potions
 d - 2 potions of curing {unknown}
 f - a potion of haste
 i - a potion of enlightenment {unknown}
 j - a potion of brilliance {unknown}
 l - a potion of resistance {unknown}
 m - 2 potions of berserk rage {unknown}
 q - a potion of might {unknown}
 t - a potion of magic {unknown}


   Skills:
 - Level 2.6 Fighting
 + Level 9.5 Maces & Flails
 - Level 1.7 Dodging
 - Level 4.5 Stealth


You had 7 spell levels left.
You didn't know any spells.
Your spell library contained the following spells:

 Spells                   Type           Power      Damage    Failure   Level
 Dazzling Flash           Conj/Hex       0%         N/A       99%         3
 Volatile Blastmotes      Fire/Tloc      0%         2d10      99%         3
 Conjure Ball Lightning   Conj/Air       0%         3x3d6     100%        6
 Starburst                Conj/Fire      0%         6d3       100%        6
 Discord                  Hex            0%         N/A       100%        8
 Disjunction              Tloc           0%         N/A       100%        8
 Maxwell's Capacitive Co  Air            0%         ∞         100%        8


Dungeon Overview and Level Annotations

Branches:
Dungeon (6/15)             Temple (0/1) D:4

Shops:
D:2 (

Annotations:
D:1 exclusion: downstairs
D:2 Sigmund
D:4 exclusion: upstairs


Innate Abilities, Weirdness & Mutations

You have an increased reservoir of magic. (+10% MP)
You shall have no god before yourself.
Your divine heritage dramatically boosts your attributes as you level up.


Message History

You miss the hound.
The hound is severely wounded.
The hound bites you but does no damage. The hound barely misses you.
You thump the hound!
You kill the hound!
Unknown command.
n - 5 scrolls labelled WYKHIGUJ UMPI (gained 1)
You see here a +0 halberd.
A shadow comes into view.
The shadow slips into darkness.
The shadow flickers and vanishes!
Deactivating autopickup; reactivate with Ctrl-A.
Unknown command.
You closely miss something.
The shadow strikes at you from the darkness!
Reactivating autopickup.
You hit the shadow.
The shadow is lightly damaged.
The shadow hits you.
You hit the shadow.
The shadow is moderately damaged.
The shadow slips into darkness.
The shadow flickers and vanishes!
Deactivating autopickup; reactivate with Ctrl-A.
You hit something but do no damage.
The shadow strikes at you from the darkness!
* * * LOW HITPOINT WARNING * * *
Reactivating autopickup.
You hit the shadow but do no damage.
The shadow is moderately damaged.
The shadow hits you.
* * * LOW HITPOINT WARNING * * *
Unknown command.
Aiming: Paralyse
Press: ? - help, Shift-Dir - straight line, f - shadow
Aim: a shadow (moderately damaged, chance to affect: 31%)
Okay, then.
Unknown command.
You feel yourself speed up. The shadow hits you.
You die...

###..#####. #.#
........... ...
............ #.#
###..#.###.#. #.#
..............##.#
###..#.###.......# #
#..#.# ###.###.# #
#..#.# #W# #
#..#.#########@###
###................#
.................###
###..#)###########
...............#
####.#.#########
...........#
####.#####.# #.# #.#


You could see a shadow.

Vanquished Creatures
  2 water moccasins (D:6)
  A sky beast (D:5)
  An ice beast (D:5)
  A black bear (D:6)
  2 centaurs
  A phantom (D:5)
  A kobold brigand (D:6)
  A scorpion (D:5)
  A gnoll bouda (D:6)
  2 orc priests (D:6)
  3 hounds (D:6)
  Terence (D:3)
  7 gnolls
  7 adders
  A white imp (D:6)
  A worm (D:4)
  5 dart slugs
  4 orcs
  10 endoplasms
  3 giant cockroaches
  8 goblins
  8 hobgoblins
  4 jackals (D:4)
  16 kobolds
  3 quokkas
  6 ball pythons
  4 bats
  4 frilled lizards
  3 rats
111 creatures vanquished.

Notes
Turn   | Place    | Note
-------+----------+-------------------------------------------
     0 | D:5      | drugrobin the Demigod Delver began the quest for the Orb.
     0 | D:5      | Reached XP level 1. HP: 18/18 MP: 3/3
    62 | D:5      | Reached skill level 2 in Maces & Flails
   188 | D:4      | Reached XP level 2. HP: 25/25 MP: 4/4
   299 | D:4      | Reached skill level 3 in Maces & Flails
   387 | D:3      | Noticed Terence
   521 | D:2      | Noticed Sigmund
   554 | D:2      | Found Bocs's Weapon Emporium.
   672 | D:1      | Reached XP level 3. HP: 27/30 MP: 5/5
  1421 | D:2      | Reached skill level 4 in Maces & Flails
  1736 | D:3      | Reached XP level 4. HP: 35/37 MP: 6/6
  1743 | D:3      | Killed Terence
  2654 | D:4      | Noticed a black bear
  2715 | D:4      | Noticed an ogre
  2878 | D:4      | Noticed a sky beast
  2982 | D:5      | Reached skill level 5 in Maces & Flails
  2982 | D:5      | Reached XP level 5. HP: 35/42 MP: 7/7
  3175 | D:5      | Noticed an ice beast
  3227 | D:6      | Noticed a sky beast
  3245 | D:5      | Killed a sky beast
  3246 | D:5      | Reached skill level 6 in Maces & Flails
  3246 | D:5      | Reached XP level 6. HP: 24/50 MP: 8/8
  3690 | D:4      | Found a staircase to the Ecumenical Temple.
  4150 | D:6      | Reached skill level 7 in Maces & Flails
  4259 | D:5      | Reached XP level 7. HP: 42/56 MP: 9/9
  4436 | D:6      | Reached skill level 8 in Maces & Flails
  4745 | D:6      | Reached skill level 9 in Maces & Flails
  5033 | D:6      | Reached XP level 8. HP: 51/62 MP: 10/10
  5256 | D:6      | HP: 2/62 [shadow (4)]
  5257 | D:6      | Slain by a shadow

Illustrated notes

Levels and vault maps discovered:
D:1:      ebering_trefoil_3fold, layout_basic
D:2:      minmay_inner_zag, layout_rooms, ebering_ecumenical_altar_box,
          serial_shops, shop, hangedman_glass_teeth, uniq_sigmund
D:3:      layout_basic, grunt_ministairs_6, uniq_terence
D:4:      layout_cave_pools, nicolae_kikubaaqudgha_miasma_corner,
          chequers_temple_overflow_statue_of_worship,
          ashenzari_conservatory_becter, amcnicky_altar_gilded,
          minmay_temple_entry_from_below_a
D:5:      layout_basic, mainiacjoe_overflow_surrounded_room
D:6:      layout_basic, dreamdust_gnoll_farm

Skill      XL: |  1  2  3  4  5  6  7 |
---------------+----------------------+-----
Maces & Flails | 2 3 4 5 6 7 9 |  9.5
Fighting       | |  2.6
Dodging        | |  1.7
Stealth        | |  4.5

Action                     |  1- 3 |  4- 6 |  7- 9 || total
---------------------------+-------+-------+-------++-------
  Melee: Flail             |   154 |   112 |   117 ||   383
         Mace              |    10 |       |       ||    10
         Punch             |       |     2 |     1 ||     3
   Fire: Sling             |     4 |     2 |       ||     6
  Throw: Dart              |       |       |     1 ||     1
  Evoke: Wand              |     2 |     2 |     2 ||     6
    Use: Scroll            |     1 |       |       ||     1
         Potion            |       |       |     1 ||     1
   Stab: Sleeping          |    10 |       |       ||    10
         Paralysed         |       |     3 |     4 ||     7
 Armour: Leather armour    |   108 |     2 |       ||   110
         Chain mail        |       |   116 |    85 ||   201
  Dodge: Dodged            |   129 |    58 |    47 ||   234

Table legend: (Time is in decaauts)
 A = Elapsed time spent in this place.
 B = Non-inter-level travel time spent in this place.
 C = Inter-level travel time spent in this place.
 D = Time resting spent in this place.
 E = Time spent auto-exploring this place.
 F = Levels seen in this place.
 G = Mean time per level.
                   A        B        C        D        E       F      G
               +--------+--------+--------+--------+--------+-----+--------+
         Total |   5313 |   4808 |    505 |    998 |   2027 |   6 |  885.5 |
       Dungeon |   5313 |   4808 |    505 |    998 |   2027 |   6 |  885.5 |
               +--------+--------+--------+--------+--------+-----+--------+

Top non-repeatable levels by time:
     D:5: 1400 daAuts
     D:3: 1070 daAuts
     D:6: 1012 daAuts
     D:1: 652 daAuts
     D:2: 630 daAuts
     D:4: 548 daAuts
